 Dungeon Crawl Stone Soup version 0.28-a0-794-gafe8c5f9e9 (webtiles) character file.

Game seed: 17527378480348117745

17 spiderkeys the Skirmisher (level 2, -4/19 HPs)
             Began as a Tengu Abyssal Knight on Nov 6, 2021.
             Was a Follower of Lugonu.
             Killed from afar by Sigmund (9 damage)
             ... with a puff of flame
             ... on level 2 of the Dungeon.
             The game lasted 00:02:19 (1197 turns).

spiderkeys the Skirmisher (Tengu Abyssal Knight)    Turns: 1197, Time: 00:02:19

Health: -4/19      AC:  3    Str: 13    XL:     2   Next: 62%
Magic:  0/4        EV: 11    Int: 10    God:    Lugonu [*.....]
Gold:   80         SH:  0    Dex: 14    Spells: 1/1 levels left

rFire   . . .      SeeInvis .   i - +3 glaive (vorpal)
rCold   . . .      Faith    .   (shield currently unavailable)
rNeg    . . .      Spirit   +   b - +0 leather armour
rPois   .          Reflect  .   (helmet restricted)
rElec   .          Harm     .   (no cloak)
rCorr   .          Rampage  .   (no gloves)
Will    .....                   (boots unavailable)
Stlth   +.........              G - amulet of guardian spirit
HPRegen 0.06/turn               Z - ring of wizardry
MPRegen 0.09/turn               (no ring)

@: about to teleport
A: beak, talons 3
a: Renounce Religion, Depart the Abyss


You were on level 2 of the Dungeon.
You worshipped Lugonu.
Lugonu was aware of your devotion.
You visited 1 branch of the dungeon, and saw 2 of its levels.
You visited the Abyss 1 time.

You collected 80 gold pieces.


Innate Abilities, Weirdness & Mutations

You have a beak for a mouth.
You have claws for feet.


   Skills:
 + Level 3.2 Fighting
 + Level 2.6 Polearms
 - Level 2.1 Armour
 + Level 1.6 Dodging
 + Level 1.9 Invocations


You had one spell level left.
You didn't know any spells.
Your spell library contained the following spells:

 Spells                   Type           Power      Damage    Failure   Level
 Magic Dart               Conj           0%         1d3       19%         1
 Call Imp                 Summ           0%         N/A       28%         2
 Mephitic Cloud           Conj/Pois/Air  0%         N/A       47%         3

Inventory:

Hand Weapons
 a - a +1 spear
 i - a +3 vorpal glaive (weapon)
   (You found it on level 3 of the Abyss)
Missiles
 d - 7 arrows
 f - 44 stones
 g - 12 poisoned darts
 j - 14 bolts
Armour
 b - a +0 leather armour (worn)
Jewellery
 G - an amulet of guardian spirit (around neck)
   (You found it on level 1 of the Dungeon)
 L - a ring of flight
   (You found it on level 1 of the Dungeon)
 Z - a ring of wizardry (left hand)
   (You found it on level 3 of the Abyss)
Scrolls
 h - 2 scrolls of identify {@r1}
 l - a scroll of summoning {unknown}
Potions
 e - a potion of lignification {unknown}
 k - a potion of might {unknown}
 m - a potion of mutation {unknown}

Dungeon Overview and Level Annotations

Branches:
Dungeon (2/15)

Altars:

Annotations:
D:2 Natasha, Sigmund

#..# #..# #..# #.. #..#
... ####..# #.#######..#.
#..>..# #...........#.
###.#...#####............#
..#.#.........#####......#
....(.......########......
†...............@.........
............#.............
............#.............
............#......K{h....
............####..........
............# #.........#
............# #.........#
....... .........#.
.........#.#


You could see Natasha and a kobold.


Message History

You hit the jackal. You claw the jackal.
You kill the jackal!
Lugonu accepts your kill. The jackal barely misses you.
You hit the jackal. You peck the jackal. The jackal barely misses you.
The jackal closely misses you.
A goblin comes into view. It is wielding a +0 club.
The jackal bites you. 😕 HP[-3]
You take 3 damage, and now have 16/19 hp.
You barely miss the jackal.
The jackal bites you but does no damage.
The jackal barely misses you. The jackal bites you. The jackal misses you.
The jackal closely misses you. The jackal bites you.
The jackal bites you but does no damage. 😮 HP[-5]
You take 5 damage, and now have 11/19 hp.
MASSIVE DAMAGE!! (PAUSE)
The jackal bites you but does no damage.
The jackal bites you but does no damage.
You hit the jackal. Your peck misses the jackal. The jackal barely misses you.
You slash the jackal!
You kill the jackal!
Lugonu accepts your kill. The jackal bites you.
* * * LOW HITPOINT WARNING * * *
The jackal barely misses you. 😨 HP[-2] MP[-1]
You take 2 damage, and now have 9/19 hp.
You lost 1 mp, and now have 3/4 mp.
You barely miss the jackal. Your kick misses the jackal.
The jackal closely misses you.
The jackal bites you but does no damage.
You slice the jackal!!
You kill the jackal!
Lugonu accepts your kill.
The jackal bites you but does no damage.
The jackal closely misses you.
You hit the jackal.
You kill the jackal!
Lugonu accepts your kill.
You slash the goblin!
You kill the goblin!
Lugonu accepts your kill.
Things that are here:
a +0 club; a goblin corpse; a jackal corpse 😮 HP[+1] Key pressed, stopping explore.
Key pressed, stopping explore.
Key pressed, stopping explore.
Found a stone staircase leading down. 😎 HP[+9] MP[+1]
Your hp is fully restored (19).
Your mp is fully restored (4).
There is a stone staircase leading down here.
A hobgoblin comes into view.
The hobgoblin shouts!
A hobgoblin is nearby!
A hobgoblin is nearby!
You reach to attack!
You hit the hobgoblin.
You kill the hobgoblin!
Lugonu accepts your kill.
No target in view!
No target in view!
Sigmund the Dreaded comes into view.
He is wielding a +0 scythe of protection.
Sigmund shouts!
Sigmund barely misses you.
A kobold comes into view. It is wielding a +0 whip.
You reach to attack!
You closely miss Sigmund.
Natasha, Servant of Life and Death comes into view.
Sigmund laughs darkly.
Sigmund points at you and mumbles some strange words.
The puff of flame hits you! 😮 HP[-6] MP[-2]
You take 6 damage, and now have 13/19 hp.
MASSIVE DAMAGE!! (PAUSE)
You lost 2 mp, and now have 2/4 mp.
Unknown command.
Reach: i) +3 glaive (vorpal)
Press: ? - help, Dir - move target, f/p - Sigmund
Aim: Sigmund, wielding a +0 scythe of protection and wearing a +0 robe (about 47% to evade your +3 vorpal glaive)
You reach to attack!
You closely miss Sigmund.
The kobold shouts!
Sigmund barely misses you.
As you read the scroll of teleportation {@r4}, it crumbles to dust.
You feel strangely unstable.
Natasha hisses angrily.
Sigmund hits you from afar with a +0 scythe of protection!
* * * LOW HITPOINT WARNING * * *
😱 HP[-9] MP[-1]
You take 9 damage, and now have 4/19 hp.
MASSIVE DAMAGE!! (PAUSE)
You lost 1 mp, and now have 1/4 mp.
Sigmund casts a spell.
Sigmund flickers and vanishes!
Deactivating autopickup; reactivate with Ctrl-A.
Natasha casts a spell at you. You resist with significant effort.
A puff of flame appears from out of thin air!
The puff of flame hits you!
You die...

Action                   || total
-------------------------++-------
Melee: Glaive            ||    23
       Kick              ||     2
       Peck              ||     1
Invok: Depart the Abyss  ||     1
  Use: Scroll            ||     5
       Potion            ||     1
 Stab: Sleeping          ||     1
Armor: Leather armour    ||     6
Dodge: Dodged            ||    15

Levels and vault maps discovered:
D:1:      saegor_arrival_simple_c, layout_basic,
          dreamdust_ecumenical_altar_sealed_demon, serial_park_tiny_2
D:2:      layout_basic, basic_altar, serial_corexii_hall,
          corexii_hall_statues_x, chequers_hall_statues_wall_a,
          minmay_misc_feat_secret_circle, minmay_split_cup_large, uniq_sigmund,
          uniq_natasha

Notes
Turn   | Place    | Note
-------+----------+-------------------------------------------
     0 | Abyss:1  | spiderkeys the Tengu Abyssal Knight began the quest for the
                  | Orb.
     0 | Abyss:1  | Reached XP level 1. HP: 14/14 MP: 3/3
     0 | Abyss:1  | magus.rc [v1.9.10]
     1 | Abyss:1  | Found a corrupted altar of Lugonu.
   131 | Abyss:3  | Noticed a starcursed mass
   132 | Abyss:3  | Noticed a large abomination
   135 | Abyss:3  | HP: 3/14 [starcursed mass/accursed screaming (4)]
   186 | Abyss:3  | Noticed a ynoxinul
   193 | Abyss:3  | Noticed a wretched star
   195 | D:1      | You pass through the gate.
   195 | D:1      | Escaped the Abyss
   540 | D:1      | You pick up a book of Minor Magic and begin reading...
   540 | D:1      | You add the spells Magic Dart, Call Imp and Mephitic Cloud
                  | to your library.
   734 | D:1      | Reached XP level 2. HP: 19/19 MP: 4/4
   737 | D:1      | Reached * piety under Lugonu
   785 | D:1      | Found a faded altar of an unknown god.
   785 | D:1      | Noticed a shadow demon
  1189 | D:2      | Noticed Sigmund
  1193 | D:2      | Noticed Natasha
  1195 | D:2      | HP: 4/19 [Sigmund (9)]
  1197 | D:2      | Killed from afar by Sigmund

Vanquished Creatures
  4 endoplasms (D:1)
  A goblin (D:2)
  A hobgoblin (D:2)
  4 jackals (D:2)
  A bat (D:1)
  A frilled lizard (D:1)
  2 kobolds (D:1)
14 creatures vanquished.

Table legend:
 A = Non-vault XP
 B = Vault XP
 C = Vault XP percentage of total XP
 D = Non-vault monster count
 E = Vault monster count
 F = Vault count percentage of total count
                 A         B        C        D         E       F
            +---------+---------+-------+---------+---------+-------
      Total |      25 |       0 |   0.0 |      14 |       0 |   0.0
            +---------+---------+-------+---------+---------+-------
        D:1 |      13 |       0 |   0.0 |       8 |       0 |   0.0
        D:2 |      12 |       0 |   0.0 |       6 |       0 |   0.0
            +---------+---------+-------+---------+---------+-------

Illustrated notes

Table legend:
 A = Kills in this place as a percentage of kills in entire the game.
 B = Kills by you in this place as a percentage of kills by you in the entire game.
 C = Kills by friends in this place as a percentage of kills by friends in the entire game.
 D = Other kills in this place as a percentage of other kills in the entire game.
 E = Experience gained in this place as a percentage of experience gained in the entire game.
 F = Experience gained in this place divided by the number of levels of this place that you have seen.
                   A       B       C       D       E      F
               +-------+-------+-------+-------+-------+----------------------
         Total | 100.0 | 100.0 |   N/A |   N/A | 100.0 |   5.0
       Dungeon | 100.0 | 100.0 |   N/A |   N/A | 100.0 |  12.5
               +-------+-------+-------+-------+-------+----------------------

Table legend: (Time is in decaauts)
 A = Elapsed time spent in this place.
 B = Non-inter-level travel time spent in this place.
 C = Inter-level travel time spent in this place.
 D = Time resting spent in this place.
 E = Time spent auto-exploring this place.
 F = Levels seen in this place.
 G = Mean time per level.
                   A        B        C        D        E       F      G
               +--------+--------+--------+--------+--------+-----+--------+
         Total |   1208 |   1201 |      7 |      0 |    951 |   5 |  241.6 |
       Dungeon |   1014 |   1007 |      7 |      0 |    904 |   2 |  507.0 |
         Abyss |    194 |    194 |      0 |      0 |     47 |   3 |   64.7 |
               +--------+--------+--------+--------+--------+-----+--------+

Top non-repeatable levels by time:
     D:1: 802 daAuts
     D:2: 211 daAuts
 Abyss:3: 97 daAuts
 Abyss:1: 56 daAuts
 Abyss:2: 40 daAuts
